Map: Pride of Altaris LE

Players

Pumba - Winner!

  • Race: Protoss Protoss
  • League: Platinum
  • Spawn Location: 11:00

BaseDrifter

  • Race: Protoss Protoss
  • League: Diamond
  • Spawn Location: 5:00

VOD

Have the link to the VOD?

Description

Time

  • Played on: Feb. 8, 2022, 10:07 p.m.
  • Length: 12:51
Show
View Real Time Build Order
Export as new Build Order

Pumba Protoss - Winner!

Build Orders:  

Get SALT Encoding   

  12  0:00  Probe  
  13  0:12  Probe  
  14  0:19  Pylon  
  14  0:25  Probe  
  15  0:37  Probe (Chrono Boost)  
  15  0:41  Gateway  
  17  0:50  Probe (Chrono Boost)  
  17  0:51  Assimilator  
  17  0:55  Probe (Chrono Boost)  
  18  0:57  Assimilator  
  18  1:04  Probe (Chrono Boost)  
  19  1:16  Probe (Chrono Boost)  
  20  1:19  Gateway  
  20  1:23  Probe (Chrono Boost)  
  21  1:34  Probe  
  21  1:38  Cybernetics Core  
  22  1:46  Probe  
  22  1:59  Probe  
  22  2:00  Pylon  
  23  2:16  Pylon  
  23  2:18  Warp Gate, Probe, Stalker x2  
  29  2:37  Probe  
  29  2:41  Robotics Facility  
  29  2:57  Nexus  
  29  3:05  Probe, Stalker  
  30  3:09  Stalker  
  34  3:21  Pylon  
  34  3:23  Probe  
  35  3:29  Observer (Chrono Boost)  
  35  3:33  Robotics Bay  
  36  3:36  Probe  
  37  3:42  Assimilator  
  37  3:45  Assimilator  
  37  3:48  Probe  
  38  3:53  Robotics Facility  
  38  4:01  Probe (Chrono Boost)  
  39  4:10  Probe (Chrono Boost)  
  39  4:15  Probe (Chrono Boost)  
  41  4:19  Disruptor (Chrono Boost)  
  41  4:20  Probe (Chrono Boost)  
  41  4:23  Probe (Chrono Boost)  
  46  4:27  Probe (Chrono Boost)  
  46  4:28  Probe (Chrono Boost)  
  48  4:40  Twilight Council  
  48  4:41  Probe x2  
  48  4:43  Observer  
  50  4:48  Stalker  
  50  4:49  Stalker  
  54  4:53  Probe x2  
  56  5:08  Observer  
  56  5:09  Observer  
  56  5:10  Nexus  
  58  5:18  Pylon  
  58  5:19  Probe (Chrono Boost)  
  57  5:23  Pylon  
  57  5:25  Probe (Chrono Boost)  
  54  5:28  Probe (Chrono Boost)  
  54  5:32  Probe (Chrono Boost)  
  54  5:34  Stalker  
  54  5:35  Stalker  
  59  5:38  Probe (Chrono Boost)  
  58  5:44  Blink  
  58  5:47  Probe (Chrono Boost)  
  58  5:49  Probe (Chrono Boost)  
  60  5:57  Probe  
  60  6:00  Pylon  
  60  6:02  Stalker  
  60  6:03  Stalker  
  65  6:06  Probe  
  65  6:10  Probe (Chrono Boost)  
  67  6:18  Probe (Chrono Boost)  
  69  6:27  Probe (Chrono Boost)  
  69  6:33  Observer  
  69  6:34  Stalker x2  
  69  6:35  Observer, Probe (Chrono Boost)  
  69  6:37  Probe (Chrono Boost)  
  76  6:41  Probe (Chrono Boost)  
  77  6:48  Probe (Chrono Boost)  
  77  6:50  Probe (Chrono Boost)  
  77  6:51  Nexus  
  78  7:00  Stalker x2  
  82  7:03  Nexus  
  82  7:06  Gateway  
  82  7:17  Probe (Chrono Boost)  
  82  7:21  Probe x2 (Chrono Boost)  
  87  7:30  Stalker x2  
  87  7:33  Probe x2 (Chrono Boost)  
  87  7:35  Probe (Chrono Boost)  
  92  7:41  Probe x2  
  92  7:42  Pylon  
  94  7:45  Probe  
  94  7:47  Gateway x2  
  94  7:49  Gateway x2  
  95  7:51  Pylon  
  95  7:57  Probe x2, Stalker  
  95  7:58  Stalker  
  101  8:00  Probe  
  100  8:11  Probe  
  100  8:27  Forge  
  100  8:28  Forge  
  100  8:33  Stalker x3  
  106  8:42  Probe x2  
  106  8:44  Probe x3, Assimilator  
  111  8:48  Assimilator  
  111  8:51  Pylon  
  111  8:54  Probe x2  
  109  8:56  Probe x3  
  109  8:58  Protoss Ground Weapons Level 1 (Chrono Boost)  
  109  8:59  Pylon  
  109  9:02  Protoss Shields Level 1 (Chrono Boost)  
  112  9:06  Probe  
  112  9:07  Templar Archives, Probe  
  112  9:08  Probe x3  
  117  9:24  Assimilator  
  117  9:27  Probe x2  
  117  9:30  Assimilator  
  119  9:32  Probe x3  
  120  10:00  High Templar x6  
  120  10:01  High Templar  
  120  10:06  Gateway  
  130  10:08  Gateway  
  130  10:09  Gateway  
  130  10:11  Archon x3  
  118  10:25  Gateway  
  117  10:29  Observer, Gateway  
  117  10:30  Gateway x2  
  117  10:31  Gateway  
  117  10:33  Gateway  
  117  10:36  Gateway  
  117  10:40  Gateway  
  117  10:45  Gateway  
  117  10:47  Gateway x2  
  117  11:02  High Templar x8  
  133  11:07  Assimilator  
  133  11:10  Assimilator  
  133  11:19  Nexus  
  133  11:21  Nexus  
  133  11:22  Assimilator  
  133  11:23  Archon x4  
  133  11:24  Sentry, Assimilator  
  135  11:26  Assimilator  
  135  11:28  Assimilator  
  135  11:33  Pylon  
  135  11:35  High Templar  
  135  11:36  Nexus, High Templar x2  
  135  11:37  High Templar x2, Pylon  
  135  11:39  Archon, Observer  
  145  11:40  Archon, Assimilator  
  145  11:41  Archon, Observer  
  145  11:43  Assimilator  
  145  11:50  Pylon  
  145  11:55  Stalker x2  
  145  11:56  Stalker x11  
  145  11:57  Pylon  
  145  11:58  Stalker  
  173  12:10  Photon Cannon  
Show
View Real Time Build Order
Export as new Build Order

BaseDrifter Protoss 

Build Orders: Phoenix Opening 

Get SALT Encoding   

  12  0:00  Probe  
  13  0:13  Probe  
  14  0:18  Pylon  
  14  0:25  Probe (Chrono Boost)  
  15  0:37  Probe (Chrono Boost)  
  15  0:39  Gateway  
  16  0:46  Probe (Chrono Boost)  
  16  0:49  Assimilator  
  17  1:14  Probe (Chrono Boost)  
  18  1:20  Pylon  
  18  1:26  Probe (Chrono Boost)  
  18  1:30  Assimilator  
  18  1:35  Probe (Chrono Boost)  
  19  1:46  Probe  
  20  1:57  Pylon  
  20  1:58  Probe  
  20  2:00  Cybernetics Core  
  21  2:07  Nexus  
  21  2:14  Pylon  
  21  2:18  Probe (Chrono Boost)  
  22  2:27  Probe (Chrono Boost)  
  23  2:38  Stargate  
  23  2:44  Stargate  
  23  2:50  Warp Gate  
  23  3:00  Forge  
  23  3:02  Probe  
  24  3:15  Probe  
  27  3:28  Phoenix (Chrono Boost), Probe  
  27  3:31  Phoenix (Chrono Boost)  
  30  3:38  Probe (Chrono Boost)  
  30  3:40  Probe (Chrono Boost)  
  34  3:49  Probe (Chrono Boost)  
  34  3:51  Probe (Chrono Boost)  
  34  3:55  Gateway  
  34  3:59  Probe  
  34  4:02  Phoenix  
  37  4:09  Phoenix  
  39  4:13  Probe  
  39  4:16  Probe (Chrono Boost)  
  41  4:22  Photon Cannon  
  41  4:28  Probe (Chrono Boost)  
  42  4:32  Phoenix  
  42  4:37  Probe (Chrono Boost)  
  45  4:39  Phoenix  
  47  4:57  Phoenix  
  47  4:58  Probe  
  50  5:01  Assimilator  
  50  5:05  Probe  
  51  5:10  Probe  
  48  5:57  Probe (Chrono Boost)  
  48  6:02  Photon Cannon  
  49  6:04  Shield Battery  
  49  6:05  Pylon  
  49  6:07  Probe (Chrono Boost)  
  49  6:10  Probe (Chrono Boost)  
  47  6:38  Zealot x2  
  52  6:41  Probe (Chrono Boost)  
  52  6:45  Stargate x2, Probe (Chrono Boost)  
  53  6:49  Gateway  
  53  6:50  Probe (Chrono Boost)  
  53  6:51  Gateway  
  53  6:53  Gateway, Probe (Chrono Boost)  
  55  6:55  Gateway  
  55  6:57  Void Ray (Chrono Boost)  
  55  6:58  Pylon x2  
  55  6:59  Protoss Shields Level 1 (Chrono Boost)  
  55  7:00  Pylon  
  59  7:04  Probe (Chrono Boost)  
  59  7:05  Assimilator  
  59  7:08  Photon Cannon  
  60  7:11  Probe (Chrono Boost)  
  60  7:12  Shield Battery  
  60  7:14  Void Ray (Chrono Boost)  
  61  7:15  Pylon  
  61  7:17  Zealot x2  
  68  7:24  Twilight Council  
  72  7:34  Void Ray (Chrono Boost)  
  72  7:43  Void Ray  
  76  7:51  Nexus  
  76  7:52  Pylon  
  74  8:20  Void Ray x2  
  74  8:22  Void Ray  
  74  8:24  Charge (Chrono Boost)  
  85  8:34  Zealot x3  
  85  8:35  Zealot x3  
  85  8:37  Nexus  
  95  9:00  Protoss Ground Armor Level 1  
  95  9:01  Pylon  
  95  9:04  Pylon  
  95  9:18  Pylon  
  95  9:19  Void Ray  
  95  9:20  Probe  
  95  9:21  Pylon  
  100  9:30  Void Ray  
  104  9:32  Probe  
  104  9:34  Protoss Air Armor Level 1 (Chrono Boost), Void Ray  
  109  9:42  Photon Cannon  
  109  9:44  Photon Cannon  
  109  9:47  Photon Cannon, Gateway  
  109  9:49  Gateway  
  79  10:38  Zealot  
  79  10:39  Zealot x5  
  79  10:42  Probe (Chrono Boost)  
  92  10:46  Probe (Chrono Boost)  
  93  10:52  Probe (Chrono Boost)  
  93  10:54  Probe (Chrono Boost)  
  93  10:56  Void Ray  
  93  10:57  Void Ray x2, Probe (Chrono Boost)  
  103  10:58  Void Ray  
  103  10:59  Probe (Chrono Boost)  
  103  11:03  Pylon  
  113  11:08  Probe  
  114  11:17  Fleet Beacon  
  114  11:23  Probe  
  115  11:29  Shield Battery  
  115  11:31  Shield Battery  
  115  11:33  Shield Battery  
  115  11:35  Gateway  
  115  11:40  Shield Battery  
  115  11:49  Probe  
  116  11:56  Assimilator  
  116  11:58  Assimilator  
  116  12:01  Probe  
  101  12:43  Zealot x4  
  84  12:44  Zealot x3  
Tags
 
Add a new tag
Caveats
  • Supply blocks, unpowered buildings, or Contaminate may cause inaccurate times.
  • Supply counts are checked every 10 seconds.